 Dungeon Crawl Stone Soup version 0.14-a0-445-g388476e (webtiles) character file.

549 4tharraofdagon the Chopper (level 6, -1/61 HPs)
             Began as a Troll Berserker on Oct 29, 2013.
             Was a Believer of Trog.
             Slain by an orc
             ... wielding a +0,+2 orcish flail
              (6 damage)
             ... on Level 5 of the Dungeon.
             The game lasted 00:03:42 (882 turns).

4tharraofdagon the Chopper (Troll Berserker)         Turns: 882, Time: 00:03:42

HP  -1/61        AC  5     Str 28      XL: 6   Next: 59%
MP   4/4         EV 10     Int  3      God: Trog [**....]
Gold 136         SH  0     Dex 12      Spells:  0 memorised,  5 levels left

Res.Fire  : . . .   See Invis. : .   o - +0,+1 orc hand axe
Res.Cold  : . . .   Warding    : .   b - +0 animal skin
Life Prot.: . . .   Conserve   : .   (shield restricted)
Res.Poison: .       Res.Corr.  : .   (helmet restricted)
Res.Elec. : .       Clarity    : .   (no cloak)
Sust.Abil.: . .     Spirit.Shd : .   (gloves unavailable)
Res.Mut.  : .       Stasis     : .   (boots unavailable)
Res.Rott. : .       Flight     : .   (no amulet)
Gourmand  : +                        (no ring)
                                     i - +3 ring of dexterity

@: regenerating, exhausted, slowed, drained, very slow, quite resistant to
hostile enchantments, unstealthy
A: unfitting armour, claws 3, fast metabolism 3, gourmand, regeneration 2,
saprovore 2, tough skin 2, AC +1
a: Burn Spellbooks, Berserk, Trog's Hand, Renounce Religion


You were on level 5 of the Dungeon.
You worshipped Trog.
Trog was pleased with you.
You were full.

You visited 1 branch of the dungeon, and saw 5 of its levels.

You collected 116 gold pieces.

Inventory:

Hand weapons
 a - a +0,+0 hand axe
 o - a +0,+1 orcish hand axe (weapon)
Armour
 b - a +0 animal skin (worn)
Magical devices
 l - a wand of paralysis (11)
 r - a wand of enslavement (12)
 t - a wand of enslavement (4)
Comestibles
 c - 2 meat rations
 d - a banana
 j - 2 chokos
 q - a bread ration
Scrolls
 f - 2 scrolls of fear {unknown}
 g - 4 scrolls of identify {unknown}
 m - 2 scrolls of remove curse {unknown}
 n - a scroll of teleportation {unknown}
 p - a scroll of enchant weapon II {unknown}
Jewellery
 i - a +3 ring of dexterity (left claw)
Potions
 e - a potion of confusion {unknown}
 h - 2 potions of curing {unknown}
 k - a potion of cure mutation {unknown}
 s - a potion of degeneration {unknown}
 u - a potion of heal wounds {unknown}


   Skills:
 - Level 2.4(1.7) Fighting
 * Level 5.7(4.9) Axes
 - Level 2.6(1.9) Dodging
 + Level 2.2(1.5) Evocations


You had 5 spell levels left.
You didn't know any spells.

Dungeon Overview and Level Annotations

Branches:
Dungeon (5/27)
 Temple: D:4-7

Altars:
Makhleb


Innate Abilities, Weirdness & Mutations

You are too large for most types of armour.
You have claws for hands.
Your metabolism is lightning-fast.
You like to eat raw meat.
You heal very quickly.
You can eat rotten meat.
You are covered in fur (AC +1).
You have very tough skin (AC +2).


Message History

Trog appreciates your killing of a magic user.
Reactivating autopickup.
You feel a bit more experienced. The orc hits you but does no damage.
You barely miss the orc. The orc hits you with an orcish flail.
* * * LOW HITPOINT WARNING * * *
You hit the orc but do no damage.
Your skin stops crawling.
You feel less resistant to hostile enchantments.
The orc hits you with an orcish flail.
* * * LOW HITPOINT WARNING * * *
You are too injured to fight recklessly!
You closely miss the orc. The orc hits you with an orcish flail.
* * * LOW HITPOINT WARNING * * *
The orc hits you with an orcish flail.
* * * LOW HITPOINT WARNING * * *
Use which ability? (? or * to list)
Your skin crawls.
You feel resistant to hostile enchantments.
You feel slightly less full. The orc hits you with an orcish flail.
You die...

##### #...#
#...#####)..#
#......o@...#
###...####.## #. ##.##
#...# . ##...# ..#
#....# ..####...#####
#...#....#...#
##########...#...%#...#


You could see an orc.

Vanquished Creatures
  Edmund (D:5)
  An orc priest (D:4)
  A scorpion (D:5)
  A worker ant (D:4)
  2 hounds (D:4)
  3 orc wizards (D:5)
  2 adders (D:4)
  A worm (D:3)
  A giant gecko (D:3)
  12 orcs
  A giant cockroach (D:3)
  5 hobgoblins
  5 kobolds
  A quokka (D:4)
  2 bats
  A giant gecko skeleton (D:5)
  2 giant newts
  3 goblins
  A jackal skeleton (D:4)
  2 rats
48 creatures vanquished.

Notes
Turn   | Place    | Note
--------------------------------------------------------------
     0 | D:1      | 4tharraofdagon, the Troll Berserker, began the quest for the Orb.
     0 | D:1      | Reached XP level 1. HP: 23/23 MP: 0/0
   205 | D:3      | Reached XP level 2. HP: 31/31 MP: 0/0
   213 | D:3      | Reached skill level 3 in Axes
   255 | D:4      | Reached XP level 3. HP: 32/37 MP: 1/1
   309 | D:4      | Reached skill level 4 in Axes
   309 | D:4      | Reached XP level 4. HP: 46/46 MP: 1/1
   379 | D:4      | Acquired Trog's second power
   459 | D:4      | Reached XP level 5. HP: 28/53 MP: 1/1
   461 | D:4      | Reached skill level 1 in Evocations
   644 | D:5      | Entered Level 5 of the Dungeon
   712 | D:5      | Found a burning altar of Makhleb.
   727 | D:5      | Noticed Edmund
   742 | D:5      | Reached skill level 5 in Axes
   757 | D:5      | Killed Edmund
   757 | D:5      | Reached XP level 6. HP: 50/61 MP: 3/3
   881 | D:5      | HP: 3/61 [orc/orcish flail (6)]
   882 | D:5      | Slain by an orc

Action                   |  1- 3 |  4- 6 || total
-------------------------+-------+-------++-------
Melee: Hand axe          |    53 |   125 ||   178
Invok: Berserk           |     2 |     5 ||     7
       Trog's Hand       |       |     2 ||     2
Evoke: Wand              |       |     3 ||     3
 Stab: Paralysed         |       |     3 ||     3
